 Dungeon Crawl Stone Soup version 0.25-a0-310-g60f0ac2d9a (webtiles) character file.

Game seed: 2576331644052372450, levelgen mode: deterministic

11109 ANON1729 the Geomancer (level 11, -1/72 HPs)
             Began as an Octopode Earth Elementalist on Dec 24, 2019.
             Killed from afar by a hell hound (22 damage)
             ... with a blast of flame
             ... on level 11 of the Dungeon.
             The game lasted 00:36:38 (14325 turns).

ANON1729 the Geomancer (OpEE)                      Turns: 14325, Time: 00:36:39

Health: -1/72      AC:  2    Str:  7    XL:     11   Next: 72%
Magic:  28/29      EV: 17    Int: 23    God:
Gold:   653        SH:  5    Dex: 15    Spells: 7/22 levels left

rFire    . . .     SeeInvis +   g - +0 dagger
rCold    . . .     Gourm    .   s - +0 buckler
rNeg     . . .     Faith    .   v - +1 hat
rPois    .         Spirit   .   H - amulet of rage
rElec    .         Reflect  .   E - +4 ring of intelligence
rCorr    .         Harm     .   F - ring of see invisible
MR       ++...                  L - ring of protection from magic
Stlth    +++++.....             N - ring of magical power
HPRegen  0.22/turn              Q - ring of protection from magic
MPRegen  0.21/turn              (no ring)
                                (no ring)
                                (no ring)

@: lethally poisoned (-1 -> -4)
A: almost no armour, stealthy swim, amphibious, 8 rings, constrict 8, camouflage
1, gelatinous body 1
a: Evoke Berserk Rage


You were on level 11 of the Dungeon.
You were not hungry.

You visited 2 branches of the dungeon, and saw 12 of its levels.

You collected 673 gold pieces.
You spent 20 gold pieces at shops.

Inventory:

Hand Weapons
 g - a +0 dagger (weapon)
 o - a +3 short sword
Missiles
 b - 60 stones (quivered)
 d - 8 atropa-tipped darts
Armour
 s - a +0 buckler (worn)
 v - a +1 hat (worn)
Jewellery
 E - a +4 ring of intelligence (left tentacle)
 F - a ring of see invisible (right tentacle)
 H - an amulet of rage (around mantle)
 L - a ring of protection from magic (on tentacle)
 N - a ring of magical power (on tentacle)
 Q - a ring of protection from magic (on tentacle)
Wands
 y - a wand of polymorph (6)
 I - a wand of paralysis (16)
 K - a wand of scattershot (5)
Scrolls
 f - 2 scrolls of fog
 j - 4 scrolls of immolation
 k - 7 scrolls of remove curse
 l - 2 scrolls of random uselessness
 m - 3 scrolls of amnesia
 n - 4 scrolls of teleportation
 q - a scroll of fear
 r - 3 scrolls of enchant armour
 D - a scroll of torment {unknown}
 M - a scroll of enchant weapon {unknown}
 O - a scroll of magic mapping {unknown}
 P - a scroll of holy word {unknown}
 S - 2 scrolls of vulnerability {unknown}
Potions
 a - a potion of ambrosia {unknown}
 e - a potion of brilliance {unknown}
 h - 5 potions of curing {unknown}
 i - 2 potions of degeneration {unknown}
 p - 3 potions of magic {unknown}
 t - a potion of experience {unknown}
 u - 3 potions of lignification {unknown}
 w - 2 potions of invisibility {unknown}
 x - a potion of agility {unknown}
 z - a potion of mutation {unknown}
 A - a potion of cancellation {unknown}
 B - 4 potions of heal wounds
 C - a potion of haste {unknown}
 G - 2 potions of might {unknown}
 R - a potion of flight
Comestibles
 c - 14 rations
 J - 6 chunks of flesh


   Skills:
 + Level 6.2 Fighting
 + Level 6.2 Short Blades
 + Level 6.5 Dodging
 + Level 9.4 Stealth
 - Level 4.0 Shields
 + Level 6.1 Spellcasting
 + Level 5.9 Transmutations
 * Level 9.6 Earth Magic


You had 7 spell levels left.
You knew the following spells:

 Your Spells              Type           Power        Failure   Level  Hunger
a - Sandblast             Erth           ######       1%          1    None
b - Passwall              Tmut/Erth      #####...     1%          2    None
c - Petrify               Tmut/Erth      #####...     3%          4    ###....
d - Lee's Rapid Deconstr  Erth           ######....   4%          5    #####..
e - Stone Arrow           Conj/Erth      ####..       3%          3    #......

Your spell library contained the following spells:

 Spells                   Type           Power        Failure   Level  Hunger
 Freeze                   Ice            #...         9%          1    None
 Magic Dart               Conj           #...         9%          1    None
 Searing Ray              Conj           #.....       13%         2    None
 Dazzling Flash           Conj/Hex       #.....       26%         3    #......
 Ozocubu's Armour         Chrm/Ice       #.......     26%         3    #......
 Fulminant Prism          Conj/Hex       #.........   63%         4    ###....
 Hailstorm                Conj/Ice       #.......     63%         4    ###....
 Iskenderun's Mystic Bla  Conj/Tloc      #.......     63%         4    ###....
 Summon Ice Beast         Ice/Summ       #.......     63%         4    ###....


Dungeon Overview and Level Annotations

Branches:
Dungeon (11/15)            Temple (1/1) D:5            Lair (0/6) D:9
    Orc: D:9-12

Altars:
Ashenzari
Cheibriados
Dithmenos
Elyvilon
Fedhas
Gozag
Hepliaklqana
Kikubaaqudgha
Makhleb
Nemelex Xobeh
Okawaru
Qazlal
Ru
Sif Muna
Trog
Uskayaw
Vehumet
Wu Jian
Xom
Yredelemnul
Zin
The Shining One

Shops:
D:6 (   D:7 [   D:10 *[:

Annotations:
D:11 2 runed translucent doors, Dwingvatt99's ghost, journeyman KoHu


Innate Abilities, Weirdness & Mutations

You cannot wear most types of armour.
You are very stealthy in the water. (Stealth+)
You are amphibious.
You can wear up to eight rings at the same time.
You can use your tentacles to constrict eight enemies at once.
Your skin changes colour to match your surroundings (Stealth+).
Your rubbery body absorbs attacks. (AC +1, EV +1)


Message History

Unknown command.
Okay, then.
Okay, then.
Press: ? - help, v - describe, . - travel
Here: a hell hound The floor.
As you read the scroll of fear, it crumbles to dust.
You assume a fearsome visage.
The hell hound is unaffected. x3
The orc wizard looks frightened!
* * * LOW HITPOINT WARNING * * *
You feel sick.
The orc wizard gestures wildly while chanting.
The orc wizard blinks!
The hell hound stops to sniff the ground.
You feel much better.
You feel sick.
The orc wizard gestures wildly while chanting.
The orc wizard blinks!
The hell hound breathes flames at you. The blast of flame hits you!!
You die...

#### . #. ....
#.#. #..#
#.#.##..#
#.≈..#..######
#.≈...........
#h≈!.)))......
#h≈..)@.#
#h≈.#...#
#.#.#...# #.#...#
#.#...#
#######.#..o#
........#...#
#########...§.###
..................


You could see 3 hell hounds and an orc wizard (fleeing).

Vanquished Creatures
  Josephine (D:10)
  Erica (D:8)
  Pikel (D:4)
  3 slime creatures (D:9)
  A cyclops (D:11)
  Joseph (D:8)
  A gargoyle (D:11)
  A troll (D:11)
  5 hippogriffs
  A vampire (D:6)
  3 wraiths (D:10)
  A wyvern (D:11)
  A basilisk (D:9)
  A human (D:8)
  A hungry ghost (D:9)
  A yak (D:9)
  Edmund (D:4)
  3 sky beasts
  2 ice beasts
  2 slaves (D:4)
  2 black bears
  3 orc warriors
  6 ogres
  8 centaurs
  A necrophage (D:8)
  A crocodile (D:9)
  2 big kobolds
  Blork the orc (D:5)
  A bullfrog (D:6)
  A gnoll sergeant (D:7)
  A water moccasin zombie (D:5)
  A scorpion (D:4)
  A water moccasin skeleton (D:7)
  4 killer bees
  4 wights (D:9)
  2 howler monkeys
  5 crimson imps
  A bullfrog zombie (D:9)
  A centaur skeleton (D:7)
  8 hounds
  5 orc priests
  A gnoll shaman (D:6)
  13 orc wizards
  3 bullfrog skeletons
  5 iguanas
  Natasha (thrice) (D:2)
  4 worker ants
  A hound zombie (D:9)
  2 hound skeletons (D:8)
  11 gnolls
  A howler monkey skeleton (D:6)
  10 adders
  4 shadow imps
  An adder skeleton (D:6)
  2 worms (D:2)
  A dart slug (D:5)
  8 leopard geckos
  26 orcs
  2 ball pythons
  3 bats
  8 giant cockroaches
  5 goblins
  10 hobgoblins
  2 jackals (D:2)
  4 quokkas
  4 frilled lizards
  4 kobolds
  A leopard gecko skeleton (D:9)
  8 rats
238 creatures vanquished.

Vanquished Creatures (others)
  A centaur skeleton (D:4)
1 creature vanquished.

Grand Total: 239 creatures vanquished

Notes
Turn   | Place    | Note
-------+----------+-------------------------------------------
     0 | D:1      | ANON1729 the Octopode Earth Elementalist began the quest
                  | for the Orb.
     0 | D:1      | Reached XP level 1. HP: 11/11 MP: 3/3
   223 | D:1      | Reached XP level 2. HP: 17/17 MP: 5/5
   692 | D:1      | Reached XP level 3. HP: 10/22 MP: 1/6
  1268 | D:2      | Reached skill level 1 in Fighting
  1437 | D:2      | Noticed Natasha
  1597 | D:2      | Reached XP level 4. HP: 28/28 MP: 5/7
  1606 | D:2      | Killed Natasha
  1678 | D:2      | Noticed Natasha
  1683 | D:2      | Killed Natasha
  1683 | D:2      | Reached skill level 1 in Short Blades
  1888 | D:2      | Reached XP level 5. HP: 30/33 MP: 5/8
  1993 | D:2      | Noticed Natasha
  2007 | D:2      | HP: 1/33 [crimson imp[Natasha] (4)]
  2008 | D:2      | Killed Natasha
  3018 | D:3      | Reached XP level 6. HP: 39/39 MP: 0/10
  3160 | D:3      | Learned a level 2 spell: Passwall
  3165 | D:3      | Learned a level 4 spell: Petrify
  3208 | D:3      | Found a sacrificial altar of Ru.
  3758 | D:4      | Noticed Pikel
  4004 | D:4      | Reached skill level 1 in Shields
  4115 | D:4      | Reached XP level 7. HP: 34/45 MP: 4/11
  4841 | D:4      | Noticed Edmund
  4975 | D:4      | Killed Edmund
  4975 | D:4      | Reached skill level 5 in Earth Magic
  5361 | D:4      | Killed Pikel
  5361 | D:4      | Reached skill level 5 in Stealth
  5361 | D:4      | Reached XP level 8. HP: 22/52 MP: 1/13
  5888 | D:5      | Entered Level 5 of the Dungeon
  5899 | D:5      | Found a staircase to the Ecumenical Temple.
  5912 | Temple   | Entered the Ecumenical Temple
  7019 | D:5      | Noticed Blork the orc
  7040 | D:5      | Killed Blork the orc
  7047 | D:5      | Learned a level 5 spell: Lee's Rapid Deconstruction
  7051 | D:5      | Learned a level 3 spell: Stone Arrow
  7325 | D:6      | Reached XP level 9. HP: 57/57 MP: 11/15
  7335 | D:6      | Found Zetuuh's Weapon Emporium.
  8908 | D:7      | Found Aciqeic's Antique Armour Shoppe.
  9443 | D:8      | Reached XP level 10. HP: 57/65 MP: 8/17
  9448 | D:8      | Reached skill level 5 in Dodging
  9847 | D:8      | Noticed Joseph
 10134 | D:8      | Reached skill level 5 in Spellcasting
 10135 | D:8      | Noticed Erica
 10145 | D:8      | Killed Erica
 10145 | D:8      | Reached skill level 5 in Fighting
 10145 | D:8      | Reached skill level 5 in Short Blades
 10351 | D:8      | Killed Joseph
 10649 | D:9      | Found a staircase to the Lair.
 10878 | D:9      | Reached skill level 5 in Transmutations
 11018 | D:9      | Reached XP level 11. HP: 57/72 MP: 19/19
 11824 | D:10     | Entered Level 10 of the Dungeon
 11824 | D:10     | Found Aczuc's Armour Emporium.
 12376 | D:10     | Noticed a lindwurm
 12376 | D:10     | Noticed a lindwurm
 12415 | D:10     | Noticed a lindwurm
 12679 | D:10     | Found Esipoxt's Assorted Antiques.
 12686 | D:10     | Bought a grey potion for 20 gold pieces
 12691 | D:10     | Noticed Josephine
 12730 | D:10     | Killed Josephine
 12993 | D:10     | Found Muray's Book Boutique.
 14119 | D:11     | Found a large runed translucent door.
 14120 | D:11     | Found a large runed translucent door.
 14123 | D:11     | Noticed Dwingvatt99's ghost (journeyman KoHu)
 14165 | D:11     | Noticed a cyclops
 14181 | D:11     | Killed a cyclops
 14325 | D:11     | Killed from afar by a hell hound

Levels and vault maps discovered:
D:1:      minmay_arrival_glassed_features, layout_loops_ring, kennysheep_boxes
D:2:      minmay_chambers_of_ones, layout_basic, first_ration, uniq_natasha
D:3:      layout_basic, nicolae_ru_path_of_blood
D:4:      layout_basic, uniq_pikel, uniq_edmund
D:5:      layout_cave_pools, minmay_temple_entry_purple_smoke,
          kennysheep_nondescript, serial_bayou_lake_a, uniq_blork_the_orc
D:6:      layout_loops_ring, serial_shops, nicolae_shop_stone
D:7:      layout_basic, serial_shops, kennysheep_mini_moat,
          minmay_misc_feat_ornament
D:8:      layout_cave_pools, grunt_pizzeria, uniq_joseph, uniq_erica
D:9:      layout_roguey, david_lair_generic
D:10:     layout_irregular_city, serial_shops, kennysheep_little_box, shop,
          shop, minmay_lindwurm_lava, uniq_josephine
D:11:     layout_long_grid, orc_0_dummy, basic_altar,
          ebering_ghost_disaster_area, nicolae_trove_entry_path_of_doom,
          st_stairs_5, minmay_rotating_lava
Temple:   nicolae_temple_the_god_donut

Skill      XL: |  1  2  3  4  5  6  7  8  9 10 11 |
---------------+----------------------------------+-----
Stealth        | 3 4 5 6 7 8 9 |  9.4
Fighting       | 1 2 3 4 5 6 |  6.2
Short Blades   | 1 2 3 4 5 6 |  6.2
Earth Magic    | 4 5 6 7 8 9 |  9.6
Spellcasting   | 3 4 5 6 |  6.1
Dodging        | 3 4 5 6 |  6.5
Shields        | 1 2 3 4 |  4.0
Transmutations | 2 3 4 5 |  5.9

Action                   |  1- 3 |  4- 6 |  7- 9 | 10-12 || total
-------------------------+-------+-------+-------+-------++-------
Melee: Unarmed           |    45 |       |       |       ||    45
       Constrict         |    19 |    18 |    28 |    27 ||    92
       Tentacles         |     8 |     5 |    28 |    38 ||    79
       Dagger            |    18 |    71 |   142 |   189 ||   420
Throw: Stone             |     1 |       |       |     4 ||     5
 Cast: Sandblast         |     7 |    48 |    82 |    71 ||   208
       Petrify           |       |       |    15 |    23 ||    38
       Passwall          |       |       |     3 |     3 ||     6
       Stone Arrow       |       |       |       |    13 ||    13
       Lee's Rapid Decon |       |       |       |    13 ||    13
  Use: Scroll            |       |       |    12 |     4 ||    16
       Potion            |       |       |       |     1 ||     1
 Stab: Sleeping          |     7 |    14 |    15 |    21 ||    57
       Distracted        |       |     1 |     1 |       ||     2
       Petrified         |       |       |    25 |    27 ||    52
       Petrifying        |       |       |     1 |       ||     1
  Eat: Chunk             |     2 |     8 |    14 |    11 ||    35
       Ration            |       |       |     2 |     3 ||     5
Armor: Skin              |     5 |     4 |     6 |     8 ||    23
Dodge: Dodged            |    41 |    45 |    96 |   140 ||   322
Block: Buckler           |       |     2 |    22 |    41 ||    65

Table legend:
 A = Non-vault XP
 B = Vault XP
 C = Vault XP percentage of total XP
 D = Non-vault monster count
 E = Vault monster count
 F = Vault count percentage of total count
                 A         B        C        D         E       F
            +---------+---------+-------+---------+---------+-------
      Total |   10155 |    5715 |  36.0 |     211 |      25 |  10.6
            +---------+---------+-------+---------+---------+-------
        D:1 |      46 |       0 |   0.0 |      19 |       0 |   0.0
        D:2 |     179 |      46 |  20.4 |      24 |       6 |  20.0
        D:3 |     142 |       0 |   0.0 |      18 |       0 |   0.0
        D:4 |     526 |     798 |  60.3 |      18 |       2 |  10.0
        D:5 |     355 |      99 |  21.8 |       8 |       1 |  11.1
        D:6 |    1407 |       0 |   0.0 |      24 |       0 |   0.0
        D:7 |     948 |       0 |   0.0 |      15 |       0 |   0.0
        D:8 |    1229 |    1597 |  56.5 |      23 |       3 |  11.5
        D:9 |    3091 |     739 |  19.3 |      31 |       4 |  11.4
       D:10 |     551 |    1700 |  75.5 |      14 |       4 |  22.2
       D:11 |    1681 |     736 |  30.5 |      17 |       5 |  22.7
            +---------+---------+-------+---------+---------+-------
